 Dungeon Crawl Stone Soup version 0.29-a0-841-g116ddc6ace (webtiles) character file.

Game seed: 15775170539753734578

1889084 wingedge the Cryomancer (level 27, 200/200 HPs)
             Began as a Merfolk Ice Elementalist on July 11, 2022.
             Was the Champion of Qazlal.
             Escaped with the Orb
             ... and 3 runes on July 14, 2022!
             The game lasted 15:09:29 (55998 turns).

wingedge the Cryomancer (Merfolk Ice Elementalist) Turns: 55998, Time: 15:09:30

Health: 200/200    AC: 18    Str: 13    XL:     27
Magic:  29/46      EV: 23    Int: 31    God:    Qazlal [******]
Gold:   1851       SH: 19    Dex: 16    Spells: 6/54 levels left

rFire   + + .      SeeInvis .   a - +7 trident (spect)
rCold   + + .      Faith    .   E - +3 buckler {rPois}
rNeg    + + .      Spirit   +   v - +4 moon troll leather armour {Spirit, Regen++ MP+5}
rPois   +          Reflect  .   p - +2 hat {Will+}
rElec   +          Harm     +   S - +2 cloak
rCorr   .          Rampage  .   y - +2 pair of gloves of Watchfulness {rC+ rN+ Will+}
Will    +++++                   A - +0 pair of boots of the Lobster {rF+ Will+ Dex-3}
Stlth   +.........              P - amulet "Tioposch" {Harm rF++ rC- Regen+ Int+2}
HPRegen 2.83/turn               H - ring of Gajoguazu {Drain rElec rPois rC+ Str+2}
MPRegen 0.30/turn               q - ring "Wyvvowih" {rF- rN+ Int+6 Dex+4 Slay+3}

@: in a vortex, flying (expiring), repel missiles
A: (nimble swimmer 2), mertail, cold resistance 1, dopey 1, mutation resistance
1, screaming 1, wild magic 1
0: Orb of Zot
}: 3/15 runes: decaying, serpentine, slimy
a: Renounce Religion, Upheaval, Elemental Force, Disaster Area


You escaped.
You worshipped Qazlal.
Qazlal was exalted by your worship.
You visited 10 branches of the dungeon, and saw 52 of its levels.
You visited 2 bazaars.
You also visited: Sewer, Bailey, Gauntlet and Ice Cave.

You collected 5950 gold pieces.
You spent 4099 gold pieces at shops.

Inventory:

Hand Weapons
 a - a +7 spectral trident (weapon)
 n - a +0 trident of holy wrath
 r - a +9 vampiric trident
 D - the +4 spear of Governance {drain, rElec}
   (You found it on level 2 of the Depths)

   A truly terrible weapon, it drains the life of any living foe it strikes.
   rElec:     It insulates you from electricity.
Armour
 i - a +2 robe of the Archmagi
 p - a +2 hat of willpower (worn)
 v - the +4 moon troll leather armour (worn) {Spirit, Regen++ MP+5}
   (You found it on level 1 of the Elven Halls)

   MP:        It affects your magic capacity (+5).
   Regen:     It increases your rate of health regeneration.
 y - the +2 pair of gloves of Watchfulness (worn) {rC+ rN+ Will+}
   (You bought it in a shop in a bazaar)

   rC:        It protects you from cold.
   rN:        It protects you from negative energy.
   Will:      It increases your willpower.
 z - the +3 leather armour of the Good {rF+ Dex+2 Stlth+}
   (You found it on level 13 of the Dungeon)

   Dex:       It affects your dexterity (+2).
   rF:        It protects you from fire.
   Stlth:     It makes you more stealthy.
 A - the +0 pair of boots of the Lobster (worn) {rF+ Will+ Dex-3}
   (You acquired it on level 1 of the Realm of Zot)

   Dex:       It affects your dexterity (-3).
   rF:        It protects you from fire.
   Will:      It increases your willpower.
 E - a +3 buckler of poison resistance (worn)
 K - the +4 skin of Zhor {*Englaciate rC+++ SInv}
   (You found it on level 5 of the Lair of Beasts)

   It radiates cold, occasionally slowing all nearby creatures who are not
   resistant to cold.
   rC:        It renders you almost immune to cold.
   SInv:      It lets you see invisible.
 S - a +2 cloak (worn)
Magical Staves
 b - a staff of air
 c - a staff of death
Jewellery
 o - a ring of willpower
 q - the ring "Wyvvowih" (right hand) {rF- rN+ Int+6 Dex+4 Slay+3}
   (You took it off a deep elf blademaster on level 3 of the Elven Halls)

   [ring of intelligence]

   Int:       It affects your intelligence (+6).
   Dex:       It affects your dexterity (+4).
   Slay:      It affects your accuracy & damage with ranged weapons and melee
   (+3).
   rF:        It makes you vulnerable to fire.
   rN:        It protects you from negative energy.
 t - a ring of protection from fire
 u - a ring of wizardry
 w - the ring "Acihov" {rCorr MP+9}
   (You took it off a deep elf blademaster on level 3 of the Elven Halls)

   [ring of magical power]

   MP:        It affects your magic capacity (+9).
   rCorr:     It protects you from acid and corrosion.
 H - the ring of Gajoguazu (left hand) {Drain rElec rPois rC+ Str+2}
   (You found it on level 5 of the Pits of Slime)

   [ring of protection from cold]

   Str:       It affects your strength (+2).
   rC:        It protects you from cold.
   rElec:     It insulates you from electricity.
   rPois:     It protects you from poison.
   Drain:     It drains your maximum health when unequipped.
 I - the ring "Ytrot" {Ice SInv}
   (You found it on level 2 of the Realm of Zot)

   [ring of ice]

   It enhances your ice magic.
   rF:        It makes you vulnerable to fire.
   rC:        It protects you from cold.
   SInv:      It lets you see invisible.
 L - a ring of the Octopus King {Fly HP+2 AC+2 EV+2 SH+2}
   (You took it off a deep elf master archer on level 3 of the Elven Halls)

   [ring of flight]

   AC:        It affects your AC (+2).
   EV:        It affects your evasion (+2).
   HP:        It affects your health (+2).
   Fly:       It grants you flight.
   SH:        It affects your SH (+2).
 P - the amulet "Tioposch" (around neck) {Harm rF++ rC- Regen+ Int+2}
   (You found it in a Gauntlet)

   [amulet of regeneration]

   Int:       It affects your intelligence (+2).
   rF:        It greatly protects you from fire.
   rC:        It makes you vulnerable to cold.
   Regen:     It increases your rate of health regeneration.
   Harm:      It increases damage dealt and taken.
 V - the ring of the Shrike {rC+ Str+6}
   (You found it on level 5 of the Pits of Slime)

   [ring of protection from cold]

   Str:       It affects your strength (+6).
   rC:        It protects you from cold.
Wands
 l - a wand of digging (5)
 F - a wand of light (2)
Scrolls
 d - 8 scrolls of torment
 h - 8 scrolls of immolation
 j - 3 scrolls of fog
 G - 2 scrolls of silence
 N - 13 scrolls of teleportation
 Q - 2 scrolls of fear
 U - a scroll of enchant armour
 Y - 2 scrolls of magic mapping
Potions
 g - 14 potions of curing
 k - 2 potions of ambrosia
 m - 4 potions of cancellation
 s - 3 potions of might
 x - 4 potions of brilliance
 B - a potion of mutation
 M - a potion of haste
 R - 2 potions of heal wounds
 T - a potion of resistance
 W - a potion of invisibility
Miscellaneous
 C - a phantom mirror
 O - a box of beasts


   Skills:
 - Level 17.1 Fighting
 - Level 21.0 Polearms
 - Level 3.0 Throwing
 - Level 5.0 Armour
 + Level 20.0 Dodging
 - Level 3.0 Stealth
 - Level 14.0 Shields
 - Level 14.0 Spellcasting
 - Level 10.0 Conjurations
 - Level 17.0 Necromancy
 + Level 19.7 Transmutations
 * Level 26.3 Ice Magic
 - Level 10.3 Air Magic
 - Level 3.0 Poison Magic
 - Level 13.0 Invocations
 - Level 1.0 Evocations


You had 6 spell levels left.
You knew the following spells:

 Your Spells              Type           Power      Damage    Failure   Level
a - Wereblood             Tmut           100%       N/A       1%          2
b - Ozocubu's Armour      Ice            100%       N/A       1%          3
c - Irradiate             Conj/Tmut      49%        3d28      1%          5
d - Polar Vortex          Ice            63%        N/A       11%         9
e - Necromutation         Tmut/Necr      54%        N/A       16%         8
f - Borgnjor's Revivific  Necr           52%        N/A       26%         8
i - Dispel Undead         Necr           100%       3d31      1%          4
j - Sublimation of Blood  Necr           100%       N/A       1%          2
k - Ozocubu's Refrigerat  Ice            63%        4d17      1%          7

Your spell library contained the following spells:

 Spells                   Type           Power      Damage    Failure   Level
 Beastly Appendage        Tmut           100%       N/A       1%          1
 Freeze                   Ice            100%       1d11      1%          1
 Magic Dart               Conj           100%       1d8       1%          1
 Necrotise                Necr           100%       1d9       1%          1
 Ensorcelled Hibernation  Hex/Ice        100%       N/A       1%          2
 Passwall                 Tmut/Erth      68%        N/A       1%          2
 Poisonous Vapours        Pois/Air       100%       N/A       1%          2
 Searing Ray              Conj           100%       2d8       1%          2
 Static Discharge         Conj/Air       83%        3-14/arc  1%          2
 Frozen Ramparts          Ice            100%       1d12      1%          3
 Ignite Poison            Fire/Tmut/Pois 74%        N/A       1%          3
 Spider Form              Tmut/Pois      88%        N/A       1%          3
 Swiftness                Air            84%        N/A       1%          3
 Airstrike                Air            42%        0-13+     1%          4
 Animate Dead             Necr           100%       N/A       1%          4
 Corpse Rot               Necr/Pois/Air  83%        N/A       1%          4
 Hailstorm                Conj/Ice       100%       3d20      1%          4
 Petrify                  Tmut/Erth      82%        N/A       1%          4
 Agony                    Necr           100%       N/A       1%          5
 Freezing Cloud           Conj/Ice/Air   50%        6-21      1%          5
 Death Channel            Necr           52%        N/A       1%          6
 Simulacrum               Ice/Necr       58%        N/A       1%          6
 Conjure Flame            Conj/Fire      62%        6-21      2%          3
 Dazzling Flash           Conj/Hex       100%       N/A       2%          3
 Stone Arrow              Conj/Erth      100%       3d13      2%          3
 Iskenderun's Battlesphe  Conj           83%        2d13      2%          5
 Lightning Bolt           Conj/Air       41%        1d60      2%          5
 Yara's Violent Unravell  Hex/Tmut       41%        3d16      3%          5
 Borgnjor's Vile Clutch   Necr/Erth      38%        N/A       4%          5
 Summon Lightning Spire   Summ/Air       63%        N/A       6%          4
 Fulminant Prism          Conj/Hex       31%        3d16      7%          4
 Sticky Flame             Conj/Fire      62%        2d8       7%          4
 Call Imp                 Summ           28%        N/A       8%          2
 Eringya's Noxious Bog    Tmut/Pois      44%        N/A       8%          6
 Statue Form              Tmut/Erth      54%        N/A       13%         6
 Gell's Gravitas          Tloc           28%        N/A       14%         3
 Lesser Beckoning         Tloc           28%        N/A       14%         3
 Teleport Other           Tloc           28%        N/A       14%         3
 Tukima's Dance           Hex            28%        N/A       14%         3
 Silence                  Hex/Air        31%        N/A       16%         5
 Animate Armour           Summ/Erth      56%        N/A       38%         4
 Leda's Liquefaction      Hex/Erth       14%        N/A       38%         4
 Passage of Golubria      Tloc           28%        N/A       38%         4
 Iron Shot                Conj/Erth      31%        9d6       61%         6
 Lee's Rapid Deconstruct  Erth           14%        3d10*     73%         5
 Summon Forest            Summ/Tloc      14%        N/A       73%         5
 Infestation              Necr           52%        N/A       26%         8
 Haunt                    Necr/Summ      38%        N/A       71%         7
 Death's Door             Necr           52%        N/A       98%         9
 Spellforged Servitor     Conj/Summ      31%        N/A       99%         7
 Malign Gateway           Summ/Tloc      14%        N/A       100%        7
 Summon Hydra             Summ           14%        N/A       100%        7
 Lehudib's Crystal Spear  Conj/Erth      31%        10d8      100%        8
 Summon Horrible Things   Summ           14%        N/A       100%        8
 Chain Lightning          Conj/Air       41%        3d55      100%        9


Dungeon Overview and Level Annotations

Branches:
Dungeon (15/15)            Temple (0/1) D:7            Lair (6/6) D:11
  Swamp (4/4) Lair:3        Snake (4/4) Lair:2        Slime (5/5) Lair:6
    Orc (2/2) D:11            Elf (3/3) Orc:2        Vaults (4/5) D:13
  Crypt (0/3) Vaults:3     Depths (4/4) D:15            Zot (5/5) Depths:4
  Sewer (visited)          Bailey (visited)           IceCv (visited)
Gauntlet (visited)

Altars:
Ashenzari
Cheibriados
Elyvilon
Fedhas
Kikubaaqudgha
Okawaru
Qazlal
Ru
Sif Muna
Uskayaw
Vehumet
Yredelemnul
Zin
Jiyva
Lugonu

Shops:
D:7 !   D:8 !*([   D:10 :   Orc:2 !*:*   Elf:1 (   Elf:2 :   Vaults:3 [*

Portals:
Hell: Depths:1 Depths:2 Depths:3 Depths:4
Abyss: Lair:6 Depths:3 Depths:4
Pandemonium: Depths:2 Depths:3
Ziggurat: Depths:2

Annotations:
Zot:5 2 transporters


Innate Abilities, Weirdness & Mutations

((You are very nimble when in or above water. (Stealth+, EV+, Speed+++)))
Your lower body shifts to a powerful aquatic tail in water.
Your flesh is cold resistant. (rC+)
You are dopey. (Int -2)
You are somewhat resistant to further mutation.
You occasionally shout uncontrollably at your foes.
Your spells are a little harder to cast, but a little more powerful.


Message History

You hit the Hell Sentinel.
The Hell Sentinel is heavily wounded.
Your +7 spectral trident hits the Hell Sentinel but does no damage.
Your +7 spectral trident fades away.
The Hell Sentinel completely misses you.
You block the Hell Sentinel's attack.
You puncture the Hell Sentinel!
The Hell Sentinel is almost dead.
Your +7 spectral trident hits the Hell Sentinel!
Your +7 spectral trident fades away.
You kill the Hell Sentinel!
Qazlal accepts your kill.
Your Dodging skill increases to level 20!
A toenail golem comes into view.
You yell at the toenail golem!
The winds around you start to calm down.
You float gracefully downwards.
Press: ? - help, v - describe, . - travel
Here: a toenail golem (whirling frost, lightly damaged)
The floor.
The winds around you calm down.
The toenail golem is struck by lightning.
Your magical contamination has completely faded away.
Aiming: Dig
Press: ? - help, Shift-Dir - straight line A rock wall.
This square is covered in magical glow.
The rock shatters into small pieces.
An Orb Guardian comes into view.
The Orb Guardian barely misses you.
The Orb Guardian hits you but does no damage.
Casting: Irradiate (mildly dangerous; 1% risk of failure)
Confirm with . or Enter, or press ? or * to list all spells.
A great freezing vortex appears and lifts you up.
You block the Orb Guardian's attack.
The Orb Guardian hits you but does no damage.
The Orb Guardian completely misses you.
You kill the Orb Guardian!
Qazlal accepts your kill.
There is a staircase leading out of the dungeon here.
You have escaped!

≈≈≈≈≈.....≈≈≈≈≈≈≈≈≈#.##.
≈≈≈≈≈≈.≈≈≈≈≈≈≈≈≈≈≈#.##. ####
♣PP≈.≈P♣.PP.PP♣≈#.... ...#
.P♣.♣♣≈.≈PP.♣♣♣P.P≈####. ##.#
≈≈≈≈≈≈≈.≈≈≈≈≈≈≈≈≈≈≈# .. ##.###
######§############ ## >#.#.#
#§§§§§# .#.#.#########§§§§§##
.............§§9@§§§#
.#.#.#######.####################
.#.#)# #.# #.# #.....(....#
.#.#.# #.# #.# #.########.#
..9#.# #.####.# #.# ##.# .....#
#......# #.# #####... .....#
##############.# #....... .#####
#..............# #.###... .#
#.############.# #.# ##.#


You could see a toenail golem.

Vanquished Creatures
  2 pandemonium lords (Zot:5)
  Dissolution (Slime:5)
  the Royal Jelly (Slime:5)
  2 ancient liches
  8 orbs of fire
  6 dread liches
  A juggernaut (Depths:4)
  The ghost of Nurghysux the Hoplite, a veteran MiBe of Trog (Zot:2)
  Sojobo (Depths:1)
  Vashnia (Snake:2)
  4 Killer Klowns
  2 caustic shrikes (Depths:3)
  5 curse toes
  11 golden dragons
  2 bone dragons
  the Enchantress (Depths:4)
  A Tzitzimitl (Zot:5)
  A profane servitor (Zot:4)
  3 electric golems
  Jorgrun (Snake:2)
  A walking crystal tome (Depths:3)
  10 tentacled monstrosities
  A Hell Sentinel (D:1)
  25 Orb Guardians
  2 liches
  8 quicksilver dragons
  7 death cobs
  2 deep elf master archers (Elf:3)
  Asterion (Snake:2)
  25 acid blobs
  2 walking divine tomes (Zot:4)
  An Executioner (Zot:3)
  3 deep elf blademasters
  6 tengu reavers
  6 shadow dragons
  7 sphinxes
  Roxanne (Elf:1)
  2 thorn hunters (Swamp:4)
  11 storm dragons
  Kirke (D:14)
  A demonspawn warmonger (Zot:3)
  6 draconian knights
  13 nagarajas
  3 draconian monks
  14 azure jellies
  A fenstrider witch (Swamp:2)
  3 narguns (Zot:4)
  20 rockslimes
  9 fire giants
  8 deep elf sorcerers
  10 frost giants
  An angel (Zot:4)
  3 ghost moths
  4 draconian shifters
  2 deep elf elementalists (Elf:3)
  2 orc warlords
  A cacodemon (Depths:3)
  2 draconian stormcallers (Zot:1)
  13 vault wardens
  2 spriggan defenders (Depths:4)
  6 draconian scorchers
  A ghoul (Vaults:3)
  A curse skull (Vaults:3)
  4 draconian annihilators
  12 ironbound preservers
  A balrug (Depths:2)
  8 quicksilver oozes
  10 stone giants
  18 very ugly things
  3 war gargoyles
  4 ironbound thunderhulks
  Nessos (D:13)
  15 green draconians
  13 purple draconians
  13 black draconians
  5 deep elf demonologists (Elf:3)
  9 spark wasps
  A vampire knight (Depths:3)
  6 dire elephants
  3 entropy weavers
  Azrael (D:15)
  12 yellow draconians
  5 deep elf annihilators
  A minotaur (Gauntlet)
  18 red draconians
  2 bunyips
  9 white draconians
  A green death (D:13)
  8 deep elf death magi
  A merfolk impaler (Depths:1)
  2 shambling mangroves
  A crystal guardian (Vaults:3)
  A jiangshi (Depths:4)
  10 fire dragons
  6 yaktaur captains
  The ghost of Oczostyts the Eclecticist, a journeyman DECj of Vehumet (Lair:5)
  3 deep elf high priests (Elf:3)
  4 ettins
  14 great orbs of eyes
  37 hydras
  4 salamander tyrants
  A great orb of eyes (shapeshifter) (Lair:6)
  3 rakshasas
  5 vault guards
  6 boulder beetles
  Harold (D:10)
  5 ice dragons
  A ghost crab (Swamp:4)
  18 centaur warriors
  3 peacekeepers
  An ogre mage (D:15)
  2 catoblepae
  10 ironbound frosthearts
  3 spriggan air magi (Depths:4)
  15 naga warriors
  A death knight (D:15)
  9 anacondas
  A hell beast (Depths:2)
  10 two-headed ogres
  5 alligators (Swamp:4)
  29 dancing weapons
  A vampire mage (Depths:4)
  7 deep troll shamans
  22 naga sharpshooters
  6 deep troll earth magi
  2 hell hogs
  4 tengu warriors
  3 thrashing horrors (Lair:6)
  7 death yaks
  6 spriggan berserkers
  9 hell knights (Depths:4)
  8 shock serpents
  4 soul eaters (Depths:2)
  7 orc high priests
  Sonja (Lair:1)
  A fire crab (D:10)
  23 deep elf knights
  A spriggan druid (Swamp:4)
  A skeletal warrior (D:15)
  Lodul (D:11)
  6 sun demons
  4 salamander mystics
  2 goliath frogs
  3 iron trolls
  A death drake (shapeshifter) (D:15)
  7 glowing orange brains
  11 swamp dragons
  6 bog bodies
  3 flayed ghosts
  19 deep elf archers
  An orb spider (shapeshifter) (Lair:6)
  54 deep trolls
  Pikel (D:7)
  9 lindwurms
  7 naga ritualists
  7 wizards
  24 orc knights
  29 ugly things
  2 obsidian statues
  26 deep elf zephyrmancers
  4 necromancers
  8 ironbound convokers
  2 phantasmal warriors
  6 orc sorcerers
  35 deep elf pyromancers
  4 mana vipers
  6 shining eyes
  11 salamanders
  29 moths of wrath
  14 cyclopes
  6 manticores
  3 will-o-the-wisps
  A cyclops (shapeshifter) (Vaults:3)
  6 guardian serpents
  37 black mambas
  A frost giant skeleton (Vaults:4)
  2 ice statues (IceCv)
  12 vault sentinels
  2 rust devils (Depths:3)
  6 elephants (Lair:6)
  4 torpor snails
  14 cane toads
  15 naga magi
  3 eyes of devastation (Slime:5)
  3 gargoyles
  5 smoke demons
  5 kobold demonologists
  2 cane toads (shapeshifter)
  5 efreet
  3 hellions
  Maggie (D:7)
  A demonic crawler (Zot:1)
  6 rime drakes
  A tormentor (Depths:3)
  2 orange demons (Depths:3)
  Psyche (D:8)
  3 ancient zymes (Lair:6)
  45 yaktaurs
  An ice devil (Zot:5)
  4 freezing wraiths
  2 komodo dragons
  5 tengu conjurers
  8 trolls
  A bloated husk (Swamp:4)
  A wind drake (shapeshifter) (Elf:2)
  11 hornets
  2 polar bears
  4 tyrant leeches
  2 dream sheep (Lair:6)
  28 blink frogs
  108 slime creatures
  4 air elementals
  3 centaur simulacra (D:15)
  2 jumping spiders (shapeshifter)
  2 vampires
  3 ynoxinuls
  A wyvern (shapeshifter) (D:13)
  8 spriggans
  3 wraiths
  3 water elementals
  22 yaks
  3 wyverns
  6 basilisks
  14 fire elementals
  A human (D:14)
  2 large abominations (Lair:6)
  6 golden eyes (Slime:2)
  12 vampire mosquitoes
  2 steam dragons
  A death yak simulacrum (IceCv)
  4 redbacks
  2 chaos spawn
  A hog (D:14)
  16 swamp worms
  39 nagas
  2 wargs (Orc:1)
  2 acid dragons
  2 floating eyes
  5 hell hounds
  12 water moccasins
  An ice beast (D:6)
  11 swamp drakes
  3 black bears
  49 orc warriors
  2 sky beasts
  An ice beast (shapeshifter) (Depths:3)
  13 wolves
  5 boggarts
  19 ogres
  6 centaurs
  3 phantoms
  11 small abominations (Lair:6)
  Blork the orc (D:5)
  3 kobold brigands
  2 necrophages (D:8)
  15 bullfrogs
  4 earth elementals
  A human skeleton (Vaults:4)
  8 gnoll sergeants
  3 scorpions
  An elephant simulacrum (IceCv)
  6 killer bees (D:9)
  5 electric eels (D:10)
  7 vampire bats (Bailey)
  7 howler monkeys
  11 wolf zombies (Bailey)
  A jelly (D:5)
  35 orc priests
  Crazy Yiuf (D:7)
  A hound (D:7)
  5 iguanas
  19 orc wizards
  A wolf simulacrum (IceCv)
  25 gnolls
  9 adders
  2 river rats
  4 shadow imps
  4 white imps
  An ufetubus (D:5)
  A worm (D:2)
  79 orcs
  11 endoplasms
  6 giant cockroaches
  3 goblins
  3 hobgoblins
  14 jackals
  4 quokkas
  8 ball pythons
  4 bats
  6 frilled lizards
  22 kobolds
  21 orc zombies (Bailey)
  11 rats
  4 briar patches (Swamp:4)
  3 starspawn tentacles (Swamp:2)
2215 creatures vanquished.

Vanquished Creatures (collateral kills)
  A caustic shrike (Depths:3)
  2 golden dragons
  Mlioglotl (Swamp:2)
  A tentacled monstrosity (Depths:3)
  A quicksilver dragon (Depths:3)
  A sphinx (Depths:3)
  A death cob (Zot:1)
  A tengu reaver (Depths:3)
  2 draconian monks
  A storm dragon (Depths:3)
  A nagaraja (Snake:4)
  3 frost giants
  An iron dragon (Depths:4)
  2 vault wardens
  A deep elf sorcerer (Elf:1)
  An orc warlord (Vaults:4)
  2 draconian annihilators
  A spriggan defender (Depths:4)
  3 stone giants
  9 very ugly things
  4 ironbound preservers
  A green draconian (Zot:1)
  An ironbound thunderhulk (Vaults:1)
  2 white draconians
  2 yellow draconians
  An eleionoma (Swamp:4)
  2 purple draconians (Zot:2)
  A red draconian (Zot:2)
  4 ettins
  A fire dragon (Depths:3)
  A jiangshi (Depths:4)
  A vault guard (Vaults:2)
  6 hydras (Swamp:4)
  A rakshasa (Depths:3)
  The ghost of zhov the Skirmisher, a journeyman DsHu of Dithmenos (D:9)
  2 peacekeepers (Vaults:3)
  3 naga warriors (Snake:4)
  A centaur warrior (Vaults:3)
  2 ironbound frosthearts
  A dancing weapon (Elf:1)
  An alligator (Swamp:4)
  A death knight (Vaults:3)
  A vampire mage (Vaults:3)
  2 deep troll shamans
  2 deep troll earth magi
  A hell knight (Depths:4)
  4 spriggan berserkers
  A spriggan (Depths:4)
  2 deep elf knights
  2 iron trolls
  10 deep trolls
  A salamander mystic (Snake:3)
  A swamp dragon (Swamp:4)
  2 spriggan druids (Swamp:4)
  A bog body (Swamp:4)
  A deep elf archer (Elf:1)
  2 ironbound convokers
  A deep elf zephyrmancer (Elf:1)
  3 ugly things
  A wizard (Vaults:3)
  2 deep elf pyromancers (Elf:1)
  A mana viper (Snake:1)
  4 salamanders
  An orc knight (Elf:3)
  2 black mambas
  4 vault sentinels
  A guardian serpent (Snake:4)
  A torpor snail (Lair:3)
  3 yaktaurs
  2 hornets
  A tyrant leech (Swamp:4)
  A stone giant simulacrum (Vaults:4)
  2 yaks (Lair:3)
  A wyvern (Lair:3)
  2 basilisks
  A yaktaur simulacrum (Vaults:4)
  4 swamp worms
  5 nagas
  A howler monkey (D:9)
  A goblin (shapeshifter) (Depths:4)
154 creatures vanquished.

Vanquished Creatures (others)
  A dread lich (Zot:5)
  A draconian knight (Depths:4)
  A rakshasa (D:15)
  A deep troll (Vaults:3)
  2 deep elf zephyrmancers (Elf:1)
  A manticore (D:15)
  Maurice (D:11)
  A human zombie (Vaults:4)
  An air elemental (Elf:2)
  A water elemental (Elf:3)
  2 humans (D:14)
  A vampire mosquito (D:15)
  A naga (Snake:3)
  2 orcs (D:8)
  A bush (Lair:4)
  4 foxfires
  46 fungi
  95 plants
  A starspawn tentacle (Swamp:2)
  5 withered plants (D:2)
169 creatures vanquished.

Grand Total: 2538 creatures vanquished

Notes
Turn   | Place    | Note
-------+----------+-------------------------------------------
     0 | D:1      | wingedge the Merfolk Ice Elementalist began the quest for
                  | the Orb.
     0 | D:1      | Reached XP level 1. HP: 13/13 MP: 3/3
   271 | D:1      | Reached XP level 2. HP: 20/20 MP: 1/5
   624 | D:1      | Found a faded altar of an unknown god.
   630 | D:1      | Prayed at the altar of an unknown god.
   630 | D:1      | Became a worshipper of Qazlal Stormbringer
   630 | D:1      | Reached * piety under Qazlal
   766 | D:2      | Reached XP level 3. HP: 14/25 MP: 1/6
  1023 | D:2      | Reached skill level 1 in Polearms
  1023 | D:2      | Reached XP level 4. HP: 19/31 MP: 0/7
  1024 | D:2      | Reached ** piety under Qazlal
  1029 | D:2      | Learned a level 3 spell: Ozocubu's Armour
  1033 | D:2      | Learned a level 3 spell: Frozen Ramparts
  1051 | D:2      | Reached skill level 1 in Fighting
  1067 | D:2      | Reached skill level 5 in Ice Magic
  1202 | D:3      | Noticed a phantom
  1223 | D:3      | Killed a phantom
  1224 | D:3      | Reached skill level 1 in Throwing
  1224 | D:3      | Reached skill level 1 in Conjurations
  1224 | D:3      | Reached skill level 1 in Invocations
  1224 | D:3      | Reached XP level 5. HP: 17/37 MP: 2/8
  1315 | D:3      | Found a glowing drain.
  1337 | Sewer    | Entered a sewer
  1710 | D:2      | Reached XP level 6. HP: 41/44 MP: 7/9
  1844 | D:2      | Reached *** piety under Qazlal
  2403 | D:5      | Entered Level 5 of the Dungeon
  2482 | D:4      | Found a glowing silver altar of Zin.
  2526 | D:4      | Found a radiant altar of Vehumet.
  2745 | D:4      | Learned a level 2 spell: Poisonous Vapours
  3188 | D:5      | Noticed Blork the orc
  3193 | D:5      | Killed Blork the orc
  3194 | D:5      | Reached XP level 7. HP: 27/51 MP: 4/11
  3245 | D:5      | Reached skill level 6 in Ice Magic
  3506 | D:5      | Reached skill level 1 in Poison Magic
  3799 | D:5      | Found a blossoming altar of Fedhas.
  3917 | D:6      | Reached **** piety under Qazlal
  3922 | D:6      | Reached XP level 8. HP: 31/58 MP: 4/12
  4053 | D:6      | Found an iron altar of Okawaru.
  4153 | D:6      | Reached skill level 1 in Air Magic
  4164 | D:6      | Reached skill level 5 in Dodging
  4299 | D:7      | Found a staircase to the Ecumenical Temple.
  4304 | D:7      | Noticed Pikel
  4304 | D:7      | Noticed a four-headed hydra
  4380 | D:6      | Reached skill level 7 in Ice Magic
  4719 | D:7      | Reached XP level 9. HP: 61/65 MP: 1/14
  4776 | D:7      | Killed Pikel
  4777 | D:7      | Reached skill level 5 in Polearms
  4783 | D:7      | Killed a four-headed hydra
  4784 | D:7      | Reached skill level 5 in Fighting
  4784 | D:7      | Reached skill level 5 in Spellcasting
  4784 | D:7      | Reached skill level 8 in Ice Magic
  4827 | D:7      | Found Omiomoc's Distillery.
  4839 | D:7      | Learned a level 4 spell: Hailstorm
  4840 | D:7      | Bought a potion of heal wounds for 75 gold pieces
  4840 | D:7      | Bought a potion of brilliance for 60 gold pieces
  4840 | D:7      | Bought a potion of curing for 45 gold pieces
  4933 | D:7      | Noticed Maggie
  4942 | D:7      | Reached XP level 10. HP: 44/74 MP: 10/17
  4947 | D:7      | Killed Maggie
  4984 | D:7      | Found a runed translucent door.
  4985 | D:7      | Noticed Crazy Yiuf
  4990 | D:7      | Killed Crazy Yiuf
  5213 | D:7      | Found a white marble altar of Elyvilon.
  5263 | D:7      | Found a basalt altar of Yredelemnul.
  5343 | D:8      | Found Onoureko's Armour Shop.
  5412 | D:8      | Found Toune's Distillery.
  5428 | D:8      | Bought a +0 pair of boots for 63 gold pieces
  5752 | D:8      | Found Wamit's Assorted Antiques.
  5787 | D:8      | Found Wued's Weapon Boutique.
  5890 | D:8      | Noticed Psyche
  5897 | D:8      | Killed Psyche
  5984 | D:9      | Noticed a two-headed ogre
  5984 | D:9      | Identified the +12 great mace of the Chain {freeze, rElec
                  | Will+}
  5984 | D:9      | Noticed a two-headed ogre
  5984 | D:9      | Noticed zhov's ghost (journeyman DsHu)
  5984 | D:9      | Found a transporter.
  5987 | D:9      | Noticed a two-headed ogre
  5988 | D:9      | Noticed a two-headed ogre
  6227 | D:10     | Entered Level 10 of the Dungeon
  6232 | D:10     | Noticed a two-headed ogre
  6246 | D:10     | Killed a two-headed ogre
  6247 | D:10     | Reached skill level 1 in Armour
  6247 | D:10     | Reached skill level 9 in Ice Magic
  6278 | D:10     | Found Fomil's Tremendous Tomes.
  6288 | D:10     | Found a transporter.
  6308 | D:10     | Noticed a kobold demonologist
  6371 | D:9      | Reached ***** piety under Qazlal
  6379 | D:9      | Reached skill level 5 in Invocations
  6449 | D:10     | Found a flagged portal.
  6454 | Bailey   | Entered a bailey
  6647 | Bailey   | Reached XP level 11. HP: 49/81 MP: 17/20
  6680 | Bailey   | Reached skill level 1 in Evocations
  6700 | Bailey   | Identified a scroll of acquirement
  6701 | Bailey   | Acquired the Treatise on the United Glacier
  6710 | Bailey   | Learned a level 5 spell: Freezing Cloud
  6979 | D:9      | Found a stormy altar of Qazlal.
  6979 | D:9      | Found a shimmering blue altar of Sif Muna.
  6984 | D:9      | Found a faded altar of an unknown god.
  6986 | D:9      | Found a faded altar of an unknown god.
  6987 | D:9      | Found a snail-covered altar of Cheibriados.
  7038 | D:9      | Found a transporter.
  7047 | D:9      | Killed a two-headed ogre
  7048 | D:9      | Killed a two-headed ogre
  7052 | D:9      | Killed a two-headed ogre
  7057 | D:9      | Killed a two-headed ogre
  7058 | D:9      | Killed zhov's ghost
  7382 | D:10     | Noticed a sun demon
  7759 | D:11     | Found a broken altar of Ashenzari.
  7766 | D:11     | Noticed a two-headed ogre
  7842 | D:11     | Reached XP level 12. HP: 63/89 MP: 16/22
  7992 | D:11     | Found a staircase to the Lair.
  7997 | D:11     | Found a gate leading to a gauntlet.
  8002 | D:11     | Noticed Maurice
  8006 | Gauntlet | Entered a Gauntlet
  8006 | Gauntlet | Found a transporter.
  8010 | Gauntlet | Found a transporter.
  8011 | Gauntlet | Found a transporter.
  8015 | Gauntlet | Found a runed translucent door.
  8015 | Gauntlet | Found a runed translucent door.
  8026 | Gauntlet | Found a transporter.
  8028 | Gauntlet | Found a transporter.
  8033 | Gauntlet | Noticed a hell hog
  8038 | Gauntlet | Found a transporter.
  8054 | Gauntlet | Found a transporter.
  8055 | Gauntlet | Noticed a green death
  8064 | Gauntlet | Found a transporter.
  8072 | Gauntlet | Noticed a wretched star
  8073 | Gauntlet | Found the +10 zealot's sword {holy, *Rage rN+ EV+3}
  8074 | Gauntlet | Found a transporter.
  8088 | Gauntlet | Found a transporter.
  8115 | Gauntlet | Found a transporter.
  8118 | Gauntlet | Found a transporter.
  8124 | Gauntlet | Found a transporter.
  8125 | Gauntlet | Found a transporter.
  8358 | Gauntlet | Reached skill level 10 in Ice Magic
  8389 | Gauntlet | Reached skill level 10 in Polearms
  8408 | Gauntlet | Identified the amulet "Tioposch" {Harm rF++ rC- Regen+
                  | Int+2}
  8413 | Gauntlet | Identified the +0 pair of boots of the Invisible Leylines
                  | {Str+3}
  8433 | Gauntlet | Noticed a minotaur
  8448 | Gauntlet | Killed a minotaur
  8449 | Gauntlet | Reached skill level 5 in Conjurations
  8566 | D:11     | Killed Maurice
  8724 | D:10     | Noticed Harold
  8731 | D:10     | Killed Harold
  8863 | D:10     | Found a sacrificial altar of Ru.
  8969 | D:10     | Found a transporter.
  9139 | Lair:1   | Entered Level 1 of the Lair of Beasts
  9147 | Lair:1   | Upgraded the game from 0.29-a0-824-gd827844252 to
                  | 0.29-a0-830-gcb1280458a
  9397 | Lair:1   | Noticed Sonja
  9405 | Lair:1   | Reached skill level 1 in Shields
  9413 | Lair:1   | Killed Sonja
  9414 | Lair:1   | Reached skill level 5 in Air Magic
  9414 | Lair:1   | Reached XP level 13. HP: 98/98 MP: 0/24
  9719 | Lair:1   | Learned a level 4 spell: Airstrike
 10248 | Lair:2   | Found a staircase to the Snake Pit.
 10311 | Lair:2   | Reached ****** piety under Qazlal
 10482 | Lair:3   | You fall into a shaft and drop 2 floors!
 10504 | Lair:5   | Identified the ring "Lor Tie" {Contam rElec Will- Dex+6
                  | Stlth+}
 10579 | Lair:5   | Found the +4 skin of Zhor {*Englaciate rC+++ SInv}
 11164 | Lair:3   | Found a staircase to the Swamp.
 12038 | Lair:5   | Learned a level 5 spell: Lightning Bolt
 12158 | Lair:5   | Found a runed translucent door.
 12159 | Lair:5   | Noticed Oczostyts's ghost (journeyman DECj)
 12186 | Lair:5   | Killed Oczostyts's ghost
 12228 | Lair:5   | Identified the +0 ring mail "Qoos" {rCorr}
 12238 | Lair:5   | Reached skill level 10 in Dodging
 12238 | Lair:5   | Reached XP level 14. HP: 108/108 MP: 2/26
 12339 | Lair:5   | Reached XP level 15. HP: 113/113 MP: 22/27
 12429 | Lair:6   | Entered Level 6 of the Lair of Beasts
 12449 | Lair:6   | Identified the ring of Socebros {rF- rN+++ Int+6 Dex-3
                  | Stlth+}
 12599 | Lair:6   | Found a staircase to the Slime Pits.
 12599 | Lair:6   | Found a viscous altar of Jiyva.
 12691 | Lair:6   | Found a shimmering blue altar of Sif Muna.
 12907 | Lair:6   | Reached skill level 5 in Shields
 12912 | Lair:6   | Reached skill level 11 in Ice Magic
 13366 | Lair:6   | Found a corrupted altar of Lugonu.
 13366 | Lair:6   | Found a one-way gate to the infinite horrors of the Abyss.
 13487 | Lair:6   | Reached skill level 10 in Fighting
 14935 | D:11     | Noticed Lodul
 14944 | D:11     | Killed Lodul
 15090 | D:11     | Gained mutation: You occasionally lose the ability to drink
                  | potions when taking damage. [mutagenic glow]
 15264 | D:11     | Found a staircase to the Orcish Mines.
 15321 | Orc:1    | Entered Level 1 of the Orcish Mines
 15547 | Orc:1    | Reached XP level 16. HP: 116/123 MP: 12/28
 15683 | Orc:2    | Entered Level 2 of the Orcish Mines
 15872 | Orc:2    | Found a staircase to the Elven Halls.
 17036 | Orc:2    | Found Ereizoew's Assorted Antiques.
 17036 | Orc:2    | Found Munloc's Distillery.
 17037 | Orc:2    | Found Venwu's Book Emporium.
 17037 | Orc:2    | Found Reps's General Store.
 17049 | Orc:2    | Bought a book of Decay for 408 gold pieces
 17049 | Orc:2    | Bought a Necronomicon for 672 gold pieces
 17052 | Orc:2    | Bought a sapphire potion for 27 gold pieces
 17062 | Orc:2    | Bought a scroll of enchant weapon for 127 gold pieces
 17062 | Orc:2    | Bought a potion of haste for 170 gold pieces
 17062 | Orc:2    | Bought a scroll of teleportation for 51 gold pieces
 17063 | Orc:2    | Bought a potion of heal wounds for 75 gold pieces
 17478 | D:13     | Found a frozen archway.
 17504 | D:13     | Reached skill level 1 in Transmutations
 17527 | IceCv    | Entered an ice cave
 17680 | IceCv    | Found a transporter.
 17690 | IceCv    | Found a transporter.
 18015 | D:12     | Reached skill level 1 in Necromancy
 19018 | D:13     | Identified the +3 leather armour of the Good {rF+ Dex+2
                  | Stlth+}
 19068 | D:13     | Learned a level 4 spell: Dispel Undead
 19160 | D:13     | Noticed Nessos
 19169 | D:13     | Killed Nessos
 19435 | D:13     | Found a gate to the Vaults.
 19499 | D:13     | You fall into a shaft and drop 2 floors!
 19499 | D:15     | Entered Level 15 of the Dungeon
 19571 | D:15     | Reached skill level 12 in Ice Magic
 20063 | D:14     | Reached XP level 17. HP: 131/131 MP: 23/30
 20087 | D:14     | Noticed Kirke
 20091 | D:14     | Killed Kirke
 20593 | D:14     | Reached skill level 5 in Transmutations
 21000 | D:15     | Found a staircase to the Depths.
 21064 | D:15     | Found a snail-covered altar of Cheibriados.
 21064 | D:15     | Found a snail-covered altar of Cheibriados.
 21065 | D:15     | Found a hide-covered altar of Uskayaw.
 21296 | D:15     | Noticed Azrael
 21995 | D:15     | Killed Azrael
 22420 | D:15     | Learned a level 2 spell: Wereblood
 22439 | D:15     | Identified the +9 morningstar of Muesa {vorpal, rF+}
 22740 | D:8      | Bought a scroll of blinking for 232 gold pieces
 22740 | D:8      | Bought a smoky golden potion for 27 gold pieces
 22792 | D:8      | Bought a potion of cancellation for 80 gold pieces
 22792 | D:8      | Bought a potion of cancellation for 80 gold pieces
 22792 | D:8      | Bought a potion of magic for 80 gold pieces
 22792 | D:8      | Bought a potion of heal wounds for 50 gold pieces
 22943 | Swamp:1  | Entered Level 1 of the Swamp
 23471 | Swamp:2  | Noticed Mlioglotl
 23474 | Swamp:2  | Noticed a tentacled starspawn
 23481 | Swamp:2  | Noticed a tentacled monstrosity
 23482 | Swamp:2  | Noticed a tentacled starspawn
 23792 | Swamp:2  | Killed Mlioglotl
 23793 | Swamp:2  | Reached skill level 13 in Ice Magic
 24122 | Swamp:3  | Reached XP level 18. HP: 119/140 MP: 26/31
 24131 | Swamp:3  | Learned a level 6 spell: Simulacrum
 24174 | Swamp:3  | Reached skill level 15 in Polearms
 24583 | Swamp:3  | Reached skill level 5 in Necromancy
 25130 | Swamp:4  | Entered Level 4 of the Swamp
 25259 | Swamp:4  | Reached skill level 10 in Invocations
 25737 | Swamp:4  | Reached skill level 14 in Ice Magic
 25886 | Swamp:4  | Reached skill level 10 in Air Magic
 26123 | Swamp:4  | Got a decaying rune of Zot
 26422 | Snake:1  | Entered Level 1 of the Snake Pit
 26856 | Snake:1  | Got the Opusculum on Sepulchral Moulding
 27084 | Snake:1  | Reached XP level 19. HP: 147/147 MP: 20/32
 27317 | Snake:2  | Reached skill level 10 in Spellcasting
 27434 | Snake:2  | Noticed Asterion
 27449 | Snake:2  | Killed Asterion
 27526 | Snake:2  | Gained mutation: You are weak. (Str -2) [mutagenic glow]
 27527 | Snake:2  | Lost mutation: You are weak. (Str -2) [potion of mutation]
 27527 | Snake:2  | Lost mutation: You occasionally lose the ability to drink
                  | potions when taking damage. [potion of mutation]
 27527 | Snake:2  | Gained mutation: You are dopey. (Int -2) [potion of
                  | mutation]
 27527 | Snake:2  | Gained mutation: You expend magic power (3 MP) to
                  | strengthen your wands. [potion of mutation]
 27527 | Snake:2  | Gained mutation: You are covered in fur. (AC +1) [potion of
                  | mutation]
 27541 | Snake:2  | Noticed Jorgrun
 27554 | Snake:2  | Killed Jorgrun
 27629 | Snake:2  | Reached skill level 10 in Transmutations
 27648 | Snake:2  | Reached skill level 15 in Ice Magic
 27688 | Snake:2  | Noticed Vashnia
 27761 | Snake:2  | Killed Vashnia
 28983 | Snake:4  | Entered Level 4 of the Snake Pit
 29239 | Snake:4  | Reached skill level 16 in Ice Magic
 29365 | Snake:4  | Upgraded the game from 0.29-a0-830-gcb1280458a to
                  | 0.29-a0-834-g1e95ca9f62
 29488 | Snake:4  | Reached skill level 10 in Shields
 29596 | Snake:4  | Reached XP level 20. HP: 156/156 MP: 16/34
 29831 | Snake:4  | Got a serpentine rune of Zot
 30082 | Snake:4  | Identified the +7 great mace "Domo" {protect, MP+9}
 30664 | Vaults:1 | Entered Level 1 of the Vaults
 31164 | Vaults:1 | Reached skill level 17 in Ice Magic
 32369 | Vaults:2 | Found a radiant altar of Vehumet.
 32538 | Vaults:2 | Reached XP level 21. HP: 153/163 MP: 5/35
 33246 | Vaults:2 | Identified the ring "Xasaupeq" {Fire rCorr Stlth+}
 33827 | Vaults:3 | Found a flickering gateway to a bazaar.
 33836 | Bazaar   | Entered a bazaar
 33836 | Bazaar   | Found Hyeff's Distillery.
 33836 | Bazaar   | Found Ziant's Weapon Boutique.
 33836 | Bazaar   | Found Sycoulop's Book Shoppe.
 33836 | Bazaar   | Found Hoprosim's Antique Weapon Shop.
 33838 | Bazaar   | Found Ehecva Neemn's General Store.
 33838 | Bazaar   | Found Geb Haer's Book Emporium.
 33857 | Bazaar   | Bought a potion of heal wounds for 45 gold pieces
 33857 | Bazaar   | Bought a potion of haste for 90 gold pieces
 33863 | Bazaar   | Bought the Parchment of Profane Mysteries for 286 gold
                  | pieces
 33866 | Bazaar   | Learned a level 2 spell: Sublimation of Blood
 33886 | Vaults:3 | Found Vusoh's Assorted Antiques.
 34155 | Vaults:3 | Reached skill level 10 in Conjurations
 34204 | Vaults:3 | Gained mutation: You are very dopey. (Int -4) [mutagenic
                  | glow]
 34363 | Vaults:3 | Found a staircase to the Crypt.
 34401 | Vaults:3 | Reached skill level 18 in Ice Magic
 34968 | Vaults:3 | Reached skill level 15 in Dodging
 35051 | Vaults:3 | Reached XP level 22. HP: 137/171 MP: 22/37
 35182 | Vaults:3 | Found Omanie's Antique Armour Boutique.
 35201 | Vaults:3 | Lost mutation: You are very dopey. (Int -4) [potion of
                  | mutation]
 35201 | Vaults:3 | Lost mutation: You are covered in fur. (AC +1) [potion of
                  | mutation]
 35201 | Vaults:3 | Lost mutation: You expend magic power (3 MP) to strengthen
                  | your wands. [potion of mutation]
 35201 | Vaults:3 | Gained mutation: You sometimes lose your temper in combat.
                  | [potion of mutation]
 35202 | Vaults:3 | Lost mutation: You are dopey. (Int -2) [potion of mutation]
 35202 | Vaults:3 | Lost mutation: You sometimes lose your temper in combat.
                  | [potion of mutation]
 35202 | Vaults:3 | Gained mutation: You passively map a small area around you.
                  | [potion of mutation]
 35721 | Vaults:4 | Reached skill level 10 in Necromancy
 35781 | Vaults:4 | Reached skill level 15 in Transmutations
 36508 | Elf:1    | Entered Level 1 of the Elven Halls
 36508 | Elf:1    | Found the +4 moon troll leather armour {Spirit, Regen++
                  | MP+5}
 36508 | Elf:1    | Found a runed translucent gate.
 36508 | Elf:1    | Found a runed translucent gate.
 36508 | Elf:1    | Found a runed translucent gate.
 36508 | Elf:1    | Found a runed translucent gate.
 36508 | Elf:1    | Found a runed translucent gate.
 36508 | Elf:1    | Found a runed translucent gate.
 36510 | Elf:1    | Found a runed translucent door.
 36520 | Elf:1    | Found a runed translucent door.
 36624 | Elf:1    | Paralysed by an air elemental for 1 turns
 36627 | Elf:1    | Paralysed by an air elemental for 1 turns
 36633 | Elf:1    | Noticed Roxanne
 36659 | Elf:1    | Killed Roxanne
 36824 | Elf:1    | Found an ancient bone altar of Kikubaaqudgha.
 37118 | Elf:1    | Upgraded the game from 0.29-a0-834-g1e95ca9f62 to
                  | 0.29-a0-838-g385bb11a5b
 37440 | Elf:1    | Found Meod's Weapon Emporium.
 37788 | Elf:2    | Found a runed translucent gate.
 37788 | Elf:2    | Found a runed translucent gate.
 37788 | Elf:2    | Found a runed translucent gate.
 37810 | Elf:2    | HP: 8/173 [+3 dire flail of protection (22)]
 38252 | Elf:2    | Reached XP level 23. HP: 94/179 MP: 11/38
 38390 | Elf:2    | Reached skill level 19 in Ice Magic
 38793 | Elf:2    | Found Teabekhlea's Book Shop.
 38797 | Elf:2    | Bought Ozocubu's Autobiography for 360 gold pieces
 38805 | Elf:2    | Learned a level 7 spell: Ozocubu's Refrigeration
 38873 | Elf:3    | Entered Level 3 of the Elven Halls
 38885 | Elf:3    | Paralysed by an air elemental for 1 turns
 39593 | Elf:3    | Identified the +5 battleaxe "Cumit" {vamp, rCorr}
 39593 | Elf:3    | Identified the amulet "Fis Rotz" {Spirit *Slow rC++}
 39744 | Elf:3    | Identified the +7 mace "Yxtitzae" {freeze, rC+}
 39744 | Elf:3    | Identified the +2 buckler of Kur Buid {rPois}
 39936 | Elf:3    | Identified the +0 chain mail of Luoze {rCorr MP+9}
 39936 | Elf:3    | Identified the ring "Wyvvowih" {rF- rN+ Int+6 Dex+4 Slay+3}
 39964 | Elf:3    | Identified the ring "Acihov" {rCorr MP+9}
 40047 | Elf:3    | Identified the +8 plate armour "Jyxkamm" {Int-2 Dex+7}
 40047 | Elf:3    | Found the ring of the Octopus King {Fly HP+2 AC+2 EV+2
                  | SH+2}
 40048 | Elf:3    | Identified the amulet of Ogeadgh {Spirit rPois rF+ Dex+2}
 40076 | Elf:3    | Identified the +1 pair of gloves of Rarhad {rPois rCorr
                  | Dex-3 Stlth+}
 40079 | Elf:3    | Got the Quarto of Frigorific Conduction
 40225 | Elf:3    | Learned a level 3 spell: Swiftness
 40655 | Orc:2    | Bought a potion of haste for 150 gold pieces
 40848 | D:8      | Bought a potion of heal wounds for 155 gold pieces
 40896 | D:8      | Bought a potion of haste for 100 gold pieces
 41567 | Depths:1 | Entered Level 1 of the Depths
 41634 | Depths:1 | Noticed Sojobo
 41650 | Depths:1 | Killed Sojobo
 41662 | Depths:1 | Found a gateway to a bazaar.
 41672 | Bazaar   | Entered a bazaar
 41684 | Bazaar   | Found Niext's Armour Emporium.
 41689 | Bazaar   | Found Puggun's Distillery.
 41696 | Bazaar   | Found Nokk's Book Emporium.
 41730 | Bazaar   | Found Ziteaqaj's Antique Armour Boutique.
 41738 | Bazaar   | Bought a pair of embroidered boots for 285 gold pieces
 41788 | Bazaar   | Bought the +2 pair of gloves of Watchfulness {rC+ rN+
                  | Will+} for 306 gold pieces
 42035 | Depths:1 | Found a gateway to Hell.
 42393 | Depths:1 | Identified the +1 helmet of Qisohop {Dex+3}
 42440 | Depths:1 | Found a shimmering blue altar of Sif Muna.
 42596 | Depths:2 | Identified the +7 demon blade "Pimis" {speed, rElec Str+3}
 42640 | Depths:2 | Found an iron altar of Okawaru.
 42813 | Depths:2 | Found a one-way gateway to a ziggurat.
 42840 | Depths:2 | Reached skill level 15 in Fighting
 42840 | Depths:2 | Reached XP level 24. HP: 160/188 MP: 21/39
 43091 | Depths:2 | Identified the +2 scale mail of the Blizzard {rF+ MP+9
                  | Str+3}
 43116 | Depths:2 | Identified the +4 spear of Governance {drain, rElec}
 43130 | Depths:2 | Found a one-way gate leading to the halls of Pandemonium.
 43442 | Depths:3 | Reached skill level 5 in Armour
 43636 | Depths:3 | Noticed a caustic shrike
 43643 | Depths:3 | Killed a caustic shrike
 43645 | Depths:3 | Noticed a caustic shrike
 43649 | Depths:3 | Reached skill level 20 in Ice Magic
 43657 | Depths:3 | Killed a caustic shrike
 43816 | Depths:3 | Found the +8 orange crystal plate armour {Archmagi, Int+3
                  | Clar}
 44097 | Depths:3 | Noticed a caustic shrike
 44374 | Depths:3 | Killed a caustic shrike
 44894 | Depths:3 | Learned a level 8 spell: Necromutation
 45140 | Depths:4 | Entered Level 4 of the Depths
 45276 | Depths:4 | Noticed a juggernaut
 45280 | Depths:4 | Killed a juggernaut
 45581 | Depths:4 | Reached XP level 25. HP: 174/196 MP: 2/40
 45768 | Depths:4 | Learned a level 9 spell: Polar Vortex
 45802 | Depths:4 | Noticed the Enchantress
 45805 | Depths:4 | Killed the Enchantress
 45903 | Depths:4 | Found a gate to the Realm of Zot.
 46418 | Depths:3 | Reached skill level 21 in Ice Magic
 46521 | Depths:4 | Found a white marble altar of Elyvilon.
 47052 | Slime:1  | Entered Level 1 of the Pits of Slime
 47104 | Slime:1  | Gained mutation: Your body sometimes deteriorates upon
                  | taking damage. [a shining eye]
 47176 | Slime:2  | Gained mutation: Your magical capacity is low. (-10% MP) [a
                  | shining eye]
 47177 | Slime:2  | Gained mutation: Your body often deteriorates upon taking
                  | damage. [a shining eye]
 47340 | Slime:3  | Found a viscous altar of Jiyva.
 47586 | Slime:5  | Entered Level 5 of the Pits of Slime
 47598 | Slime:5  | Noticed the Royal Jelly
 47907 | Slime:5  | Noticed Dissolution
 47917 | Slime:5  | Killed Dissolution
 48152 | Slime:5  | Killed the Royal Jelly
 48153 | Slime:5  | Reached XP level 26. HP: 128/206 MP: 33/36
 48182 | Slime:5  | Found the +8 mithril axe "Arga" {speed, Will+}
 48183 | Slime:5  | Upgraded the game from 0.29-a0-838-g385bb11a5b to
                  | 0.29-a0-841-g116ddc6ace
 48193 | Slime:5  | Identified the +4 scimitar of Governance {drain, Fragile
                  | Fly rElec Will+ Int+3}
 48198 | Slime:5  | Gained mutation: Armour fits poorly on your strangely
                  | shaped body. [a shining eye]
 48279 | Slime:5  | Identified the ring of Gajoguazu {Drain rElec rPois rC+
                  | Str+2}
 48304 | Slime:5  | Identified the ring of the Shrike {rC+ Str+6}
 48313 | Slime:5  | Identified the +1 flail of Impermanence {flame, Dex+3}
 48338 | Slime:5  | Identified the +7 whip of Qujij {protect, rCorr Stlth+}
 48350 | Slime:5  | Identified the +7 flail "Aloufonu" {venom, rElec rC+ Int-3
                  | Dex+3}
 48352 | Slime:5  | Got a slimy rune of Zot
 48453 | Lair:6   | Lost mutation: Your magical capacity is low. (-10% MP)
                  | [potion of mutation]
 48453 | Lair:6   | Lost mutation: Armour fits poorly on your strangely shaped
                  | body. [potion of mutation]
 48453 | Lair:6   | Gained mutation: You are clumsy. (Dex -2) [potion of
                  | mutation]
 48453 | Lair:6   | Gained mutation: You have hidden genetic potential. [potion
                  | of mutation]
 48453 | Lair:6   | Gained mutation: Your skin changes colour to match your
                  | surroundings (Stealth+). [potion of mutation]
 48453 | Lair:6   | Gained mutation: Your muscles are strong. (Str +4, Int/Dex
                  | -1) [potion of mutation]
 48454 | Lair:6   | Lost mutation: You have hidden genetic potential. [potion
                  | of mutation]
 48454 | Lair:6   | Lost mutation: Your body often deteriorates upon taking
                  | damage. [potion of mutation]
 48454 | Lair:6   | Lost mutation: You passively map a small area around you.
                  | [potion of mutation]
 48454 | Lair:6   | Gained mutation: Your natural rate of healing is unusually
                  | fast. [potion of mutation]
 48454 | Lair:6   | Gained mutation: You are frail. (-10% HP) [potion of
                  | mutation]
 48455 | Lair:6   | Lost mutation: Your skin changes colour to match your
                  | surroundings (Stealth+). [potion of mutation]
 48455 | Lair:6   | Lost mutation: You are frail. (-10% HP) [potion of
                  | mutation]
 48455 | Lair:6   | Lost mutation: Your muscles are strong. (Str +4, Int/Dex
                  | -1) [potion of mutation]
 48455 | Lair:6   | Gained mutation: You are partially covered in iridescent
                  | scales. (AC +2) [potion of mutation]
 48455 | Lair:6   | Gained mutation: Your spells are a little easier to cast,
                  | but a little less powerful. [potion of mutation]
 48455 | Lair:6   | Gained mutation: Your flesh is cold resistant. (rC+)
                  | [potion of mutation]
 48456 | Lair:6   | Lost mutation: Your natural rate of healing is unusually
                  | fast. [potion of mutation]
 48456 | Lair:6   | Lost mutation: You are partially covered in iridescent
                  | scales. (AC +2) [potion of mutation]
 48456 | Lair:6   | Lost mutation: Your spells are a little easier to cast, but
                  | a little less powerful. [potion of mutation]
 48456 | Lair:6   | Gained mutation: You are frail. (-10% HP) [potion of
                  | mutation]
 48456 | Lair:6   | Gained mutation: Your movements are slightly less
                  | encumbered by armour. (ER -2) [potion of mutation]
 48457 | Lair:6   | Lost mutation: Your body sometimes deteriorates upon taking
                  | damage. [potion of mutation]
 48457 | Lair:6   | Lost mutation: You are frail. (-10% HP) [potion of
                  | mutation]
 48457 | Lair:6   | Lost mutation: You are clumsy. (Dex -2) [potion of
                  | mutation]
 48457 | Lair:6   | Gained mutation: You are somewhat resistant to further
                  | mutation. [potion of mutation]
 48963 | Zot:1    | Entered Level 1 of the Realm of Zot
 49241 | Zot:1    | Acquired the +0 pair of boots of the Lobster {rF+ Will+
                  | Dex-3}
 49371 | Zot:1    | Reached skill level 22 in Ice Magic
 50007 | Zot:2    | Noticed an orb of fire
 50014 | Zot:2    | Gained mutation: You are dopey. (Int -2) [an orb of fire]
 50019 | Zot:2    | Killed an orb of fire
 50318 | Zot:2    | Found a runed translucent gate.
 50319 | Zot:2    | Found a runed translucent gate.
 50319 | Zot:2    | Found a runed translucent gate.
 50319 | Zot:2    | Noticed a dread lich
 50321 | Zot:2    | Found an ancient bone altar of Kikubaaqudgha.
 50321 | Zot:2    | Noticed a dread lich
 50321 | Zot:2    | Noticed an ancient lich
 50321 | Zot:2    | Noticed Nurghysux's ghost (veteran MiBe)
 50321 | Zot:2    | Noticed a dread lich
 50541 | Zot:2    | Killed a dread lich
 50541 | Zot:2    | Killed a dread lich
 50542 | Zot:2    | Killed an ancient lich
 50545 | Zot:2    | Killed a dread lich
 50549 | Zot:2    | Killed Nurghysux's ghost
 50559 | Zot:2    | Identified the ring "Ytrot" {Ice SInv}
 50567 | Zot:2    | Identified the +2 pair of boots of the Eternal Void
                  | {*Corrode Slay+4}
 50852 | Zot:2    | Reached skill level 23 in Ice Magic
 50904 | Zot:2    | Noticed an orb of fire
 50920 | Zot:2    | Killed an orb of fire
 51619 | Zot:3    | Reached XP level 27. HP: 209/214 MP: 27/41
 51695 | Zot:3    | Reached skill level 15 in Necromancy
 51857 | Zot:3    | Learned a level 8 spell: Borgnjor's Revivification
 52316 | Zot:4    | Reached skill level 24 in Ice Magic
 52492 | Zot:4    | Learned a level 8 spell: Infestation
 52742 | Zot:4    | Noticed a dread lich
 52750 | Zot:4    | Killed a dread lich
 53523 | Zot:4    | Identified the +5 double sword "Utruzenn" {speed, rPois
                  | rF+++ Int-4 Dex-3}
 53569 | Zot:4    | Learned a level 5 spell: Irradiate
 53704 | Zot:5    | Entered Level 5 of the Realm of Zot
 53834 | Zot:5    | Noticed a dread lich
 53839 | Zot:5    | Killed a dread lich
 54015 | Zot:5    | Found a transporter.
 54018 | Zot:5    | Found a transporter.
 54020 | Zot:5    | Found a transporter.
 54020 | Zot:5    | Found a transporter.
 54099 | Zot:5    | Reached skill level 25 in Ice Magic
 54505 | Zot:5    | Noticed a dread lich
 54517 | Zot:5    | Noticed an orb of fire
 54542 | Zot:5    | Noticed an orb of fire
 54546 | Zot:5    | Noticed an orb of fire
 54547 | Zot:5    | Killed an orb of fire
 54550 | Zot:5    | Killed a dread lich
 54574 | Zot:5    | Gained mutation: Your spells are a little harder to cast,
                  | but a little more powerful. [an orb of fire]
 54622 | Zot:5    | Noticed an ancient lich
 54623 | Zot:5    | Noticed an orb of fire
 54626 | Zot:5    | Killed an orb of fire
 54628 | Zot:5    | Killed an orb of fire
 54700 | Zot:5    | Killed an orb of fire
 54704 | Zot:5    | Killed an ancient lich
 54704 | Zot:5    | Noticed an orb of fire
 54712 | Zot:5    | Killed an orb of fire
 54720 | Zot:5    | Noticed an orb of fire
 54727 | Zot:5    | Killed an orb of fire
 54745 | Zot:5    | Noticed a dread lich
 54750 | Zot:5    | Killed a dread lich
 55198 | Zot:5    | Reached skill level 26 in Ice Magic
 55221 | Zot:5    | Got the Orb of Zot
 55242 | Zot:5    | Noticed Ydo Epn the pandemonium lord
 55245 | Zot:5    | Noticed Dorihot the pandemonium lord
 55252 | Zot:5    | Killed Ydo Epn the pandemonium lord
 55252 | Zot:5    | Killed Dorihot the pandemonium lord
 55284 | Zot:5    | Gained mutation: You occasionally shout uncontrollably at
                  | your foes. [mutagenic glow]
 55295 | Zot:5    | Lost mutation: Your movements are slightly less encumbered
                  | by armour. (ER -2) [mutagenic glow]
 55998 | D:$      | Escaped with the Orb!

Illustrated notes

Levels and vault maps discovered:
D:1:      lightli_arrival_farm, layout_loops_ring,
          hellmonk_ecumenical_altar_crossroads
D:2:      layout_basic, serial_undead, serial_undead_c, serial_undead_b,
          serial_undead_e, serial_undead_c
D:3:      layout_loops_ring, gup_sewer_entry_bubbles, serial_bayou_lake_a
D:4:      layout_basic, zin_statuary, vehumet_crystals
D:5:      layout_basic, fedhas_altar_1, uniq_blork_the_orc
D:6:      layout_basic, mainiacjoe_overflow_paths, dk_rats_in_the_wall
D:7:      layout_rooms, kennysheep_ying_yang, minmay_temple_entry_trees,
          serial_shops, shop, grunt_ministairs_3, minivault_1, uniq_pikel,
          uniq_maggie, uniq_crazy_yiuf_cottage
D:8:      layout_rooms, serial_shops, kennysheep_mini,
          nicolae_shop_behind_doors, nicolae_shop_advertising_works
          [nicolae_subvault_shop_adworks], nicolae_shop_hallway_plus,
          special_room [special_room_orc], uniq_psyche
D:9:      layout_gridville, chequers_temple_overflow_minitemple,
          gammafunk_ghost_smash
D:10:     gammafunk_cloud_chamber, layout_loops_ring,
          mainiacjoe_overflow_catwalk, enter_bailey_2, serial_bayou,
          serial_bayou_ford_a, serial_bayou_lagoon_a, serial_bayou_pond_a,
          serial_bayou_pond_d, serial_bayou_pond_c, grunt_ministairs_6,
          nicolae_shop_i_like_big_books, uniq_harold
D:11:     layout_loops_corners, due_lair_maze_entry_diamond,
          kennysheep_orc_monster_closet_entryway, gauntlet_entry_generic,
          ashenzari_conservatory_becter, uniq_maurice, uniq_lodul
D:12:     layout_basic, kennysheep_small_spiral
D:13:     layout_roguey, skrybe_vaults_entry_preservation,
          portal_ice_cave_entry_pillars_2, hangedman_decor_opposing,
          minmay_protected_statue, uniq_nessos
D:14:     layout_loops_ring, uniq_kirke
D:15:     hangedman_slaughterboxes, uniq_azrael
Lair:1:   layout_chaotic_city, serial_rivers, chequers_serial_rivers_small_3,
          chequers_serial_rivers_marsh, chequers_serial_rivers_micro_d,
          chequers_serial_rivers_small_b, chequers_serial_rivers_large_a,
          chequers_serial_rivers_micro_b, uniq_sonja
Lair:2:   layout_long_grid, minmay_snake_entry_spellcaster, beast_lair_carwin_5
Lair:3:   layout_cave_shapes, minmay_swamp_entry_worms
Lair:4:   layout_roguey
Lair:5:   layout_layer_cave, ebering_ghost_inner_flame,
          hellmonk_guarded_unrand_zhor
Lair:6:   hellmonk_lair_end_abyssal_woods, layout_cave_pods, slime_entry_1,
          lemuel_centaur_altar
Swamp:1:  layout_basic_swamp, serial_swamp_ruin, evilmike_swamp_ruin_house_2,
          evilmike_swamp_ruin_house_5, swamp_pool5
Swamp:2:  layout_basic_swamp, evilmike_swamp_ruin_wall, hangedman_swamp_pad,
          swamp_pool5, infiniplex_staircase_pool, uniq_mlioglotl
Swamp:3:  layout_basic_swamp, nicolae_swamp_rocky_clearing, swamp_pool1,
          hangedman_swamp_cone
Swamp:4:  swamp_basic_johnstein, layout_basic_swamp
Snake:1:  layout_honeycomb, nicolae_snake_lava_pool, grunt_megastairs_4
Snake:2:  layout_basic, nicolae_elevator_lobby_plus, uniq_jorgrun, uniq_vashnia,
          uniq_asterion
Snake:3:  layout_layer_cave, grunt_ministairs_10
Snake:4:  grunt_snake_rune_spirals, layout_onion, serial_bayou_crossing
Slime:1:  layout_caves, cheibrodos_slime_lost_civilization_4
Slime:2:  layout_caves
Slime:3:  nicolae_slime_pool, layout_caves, basic_altar
Slime:4:  layout_caves, cheibrodos_slime_lost_civilization_7
Slime:5:  uniq_dissolution
Orc:1:    layout_caves
Orc:2:    st_orc_pillars, layout_caves
Elf:1:    nicolae_elf_arrival_dilemma, layout_loops_corners, serial_shops,
          nicolae_shop_bloodbath_and_beyond, basic_altar, minivault_28,
          grunt_ministairs_10, grunt_megastairs_3, uniq_roxanne
Elf:2:    nicolae_elf_blades_splatter_lattice [infiniplex_blade_entry_pillars],
          layout_loops_corners, serial_shops, nicolae_shop_trees
Elf:3:    minmay_elf_hall_statues, layout_loops_cross, special_room
          [special_room_orc], small_chamber_with_monster, solitary_fountain,
          st_stairs_6
Vaults:1: v_pattern_2, v_alt_pattern_5, ontoclasm_vaults_hangar,
          hangedman_vaults_nails, hangedman_vaults_nodes, vaults_room_pool,
          grunt_vaults_hallway_short, hangedman_vaults_capsules,
          nicolae_vaults_theta, layout_vaults_omnigrid
Vaults:2: grunt_tower_of_power, vaults_standard_mumra_x,
          nicolae_vaults_circle_grid_a, v_alt_pattern_3,
          nicolae_vaults_network_quinsquares
          [nicolae_vaults_network_quincunx_subvault,
          nicolae_vaults_network_quincunx_subvault,
          nicolae_vaults_network_quincunx_subvault,
          nicolae_vaults_network_quincunx_subvault], v_misc_24,
          ontoclasm_vaults_gateway, nicolae_vaults_network_star,
          vaults_mumra_minichess, vaults_room_hallway,
          ontoclasm_vaults_ring_small, vaults_room_fours, layout_vaults_ring
Vaults:3: minmay_crypt_entry_simple_statues, nicolae_vaults_theta,
          nicolae_vaults_circle_grid_a, nicolae_vaults_puzzle_piece,
          vaults_mumra_chevron, nicolae_vaults_little_ls,
          dpeg_vaults_monster_box, vaults_mumra_hex, v_misc_12, kb_rosetta,
          ontoclasm_vaults_shuriken, vaults_dpeg_ring, hangedman_vaults_stagger,
          layout_vaults_maze_bifur, serial_shops, bzr_firewalk, shop,
          nicolae_shop_window_shopping
Vaults:4: ontoclasm_vaults_tryst, st_star, ontoclasm_vaults_spin,
          hangedman_vaults_pinch, hangedman_vaults_stretched_pinwheel,
          v_alt_pattern_3, v_misc_2, ontoclasm_vaults_twist,
          vaults_room_stairs_pillars, hangedman_vaults_maws,
          layout_vaults_omnibox
Depths:1: layout_gridlike, grunt_hell_entry_dis_old, serial_shops,
          bzr_entry_water, roderic_three_in_a_row, drop_trap,
          nicolae_sif_muna_little_library, uniq_sojobo
Depths:2: minmay_outward_triangles, layout_cave_pools, ziggurat_fallback,
          nicolae_elevator_lobby_asterisk, hellmouth_2, pan_entry,
          okawaru_ov_weapons_minmay, infiniplex_staircase_9_rooms
Depths:3: minmay_nested_s, layout_long_grid, rand_demon_pan_entry_9,
          minmay_misc_feat_doors, abyss_entry, hell_entry
Depths:4: grunt_twist_and_shout, layout_gridville, abyss_entry_crystal,
          hellmouth_1, elyvilon_altar_3, uniq_enchantress
Zot:1:    layout_cathedral_of_symmetry
Zot:2:    grunt_zot_stairs_mandelzot, layout_gridlike, gammafunk_ghost_crypt
Zot:3:    layout_concentric_octagons
Zot:4:    grunt_deathspiral_small, layout_onion_interference,
          grunt_ministairs_2, nicolae_rock_paper_scissors
Zot:5:    layout_basic, nicolae_diode_intersection

Skill      XL: |  1  2  3  4  5  6  7  8  9 10 11 12 13 14 15 16 17 18 19 20 21 22 23 24 25 26 27 |
---------------+----------------------------------------------------------------------------------+-----
Dodging        | 3 4 5 6 7 8 9 10 11 12 13 14 15 16 17 18 20 | 20.0
Polearms       | 1 2 3 4 5 7 9 10 11 12 13 14 15 16 17 18 19 20 21 | 21.0
Fighting       | 1 2 3 5 6 7 9 10 11 12 13 14 15 16 17 | 17.1
Ice Magic      | 5 6 7 8 9 10 11 12 13 14 16 17 18 19 20 21 23 26 | 26.3
Throwing       | 1 2 3 |  3.0
Stealth        | 3 |  3.0
Conjurations   | 1 3 4 5 6 7 8 9 10 | 10.0
Invocations    | 1 2 3 4 5 6 7 8 9 10 11 12 13 | 13.0
Spellcasting   | 3 5 6 7 8 9 10 11 12 13 14 | 14.0
Poison Magic   | 1 2 3 |  3.0
Air Magic      | 1 3 5 6 7 8 9 10 | 10.3
Armour         | 1 2 3 4 5 |  5.0
Evocations     | 1 |  1.0
Shields        | 1 4 6 7 8 9 10 11 12 13 14 | 14.0
Transmutations | 4 7 9 11 12 14 15 17 18 19 | 19.7
Necromancy     | 2 4 6 7 8 9 10 11 14 17 | 17.0

Action                   |  1- 3 |  4- 6 |  7- 9 | 10-12 | 13-15 | 16-18 | 19-21 | 22-24 | 25-27 || total
-------------------------+-------+-------+-------+-------+-------+-------+-------+-------+-------++-------
Melee: Dagger            |     5 |       |       |       |       |       |       |       |       ||     5
       Spear             |    14 |   101 |       |       |       |       |       |    17 |    43 ||   175
       Punch             |     1 |       |       |     2 |       |       |       |       |       ||     3
       Tailslap          |       |     5 |       |     1 |       |    33 |     1 |       |       ||    40
       Trident           |       |    19 |   151 |   345 |   461 |  1061 |   866 |   500 |   739 ||  4142
       Halberd           |       |       |       |    90 |       |       |       |       |       ||    90
       Great mace        |       |       |       |    18 |       |       |       |       |       ||    18
       Staff             |       |       |       |     1 |     2 |       |       |     4 |       ||     7
Throw: Boomerang         |    36 |    32 |    34 |    33 |     7 |       |       |       |       ||   142
       Dart              |     9 |    17 |       |       |       |       |       |       |       ||    26
 Cast: Freeze            |    37 |    40 |    15 |    28 |     4 |     3 |       |       |       ||   127
       Ozocubu's Armour  |       |     2 |    11 |    30 |    20 |    32 |    31 |    59 |    62 ||   247
       Frozen Ramparts   |       |     5 |    16 |    26 |    24 |     3 |       |       |       ||    74
       Poisonous Vapours |       |       |    16 |    19 |     7 |     6 |     4 |       |       ||    52
       Hailstorm         |       |       |       |    29 |    14 |    23 |    14 |     4 |       ||    84
       Freezing Cloud    |       |       |       |     4 |    22 |   128 |   143 |   120 |       ||   417
       Airstrike         |       |       |       |       |    56 |    99 |    24 |    91 |    32 ||   302
       Lightning Bolt    |       |       |       |       |    13 |    29 |    21 |    55 |     5 ||   123
       Dispel Undead     |       |       |       |       |       |     3 |     6 |     4 |    40 ||    53
       Wereblood         |       |       |       |       |       |    11 |    35 |    43 |    24 ||   113
       Simulacrum        |       |       |       |       |       |     7 |    28 |    54 |    24 ||   113
       Sublimation of Bl |       |       |       |       |       |       |    11 |   149 |   227 ||   387
       Ozocubu's Refrige |       |       |       |       |       |       |       |    99 |   144 ||   243
       Necromutation     |       |       |       |       |       |       |       |     2 |    19 ||    21
       Swiftness         |       |       |       |       |       |       |       |     1 |       ||     1
       Polar Vortex      |       |       |       |       |       |       |       |       |    77 ||    77
       Irradiate         |       |       |       |       |       |       |       |       |    18 ||    18
       Infestation       |       |       |       |       |       |       |       |       |     1 ||     1
       Borgnjor's Revivi |       |       |       |       |       |       |       |       |     1 ||     1
Invok: Upheaval          |       |       |     6 |     8 |     1 |     2 |       |       |       ||    17
       Elemental Force   |       |       |       |     1 |     2 |     3 |       |     3 |       ||     9
       Disaster Area     |       |       |       |       |       |       |     1 |     8 |       ||     9
 Abil: End Transformatio |       |       |       |       |       |       |       |       |    17 ||    17
Evoke: Wand              |       |       |       |       |       |     1 |       |     3 |     3 ||     7
       Phantom mirror    |       |       |       |       |       |     1 |     1 |     4 |     2 ||     8
       Box of beasts     |       |       |       |       |       |       |       |     3 |       ||     3
  Use: Potion            |       |     3 |     5 |     4 |     2 |     6 |     9 |    15 |    27 ||    71
       Scroll            |       |     6 |    11 |    11 |     3 |    13 |    10 |    15 |    15 ||    84
 Stab: Sleeping          |     4 |       |       |       |       |       |       |       |       ||     4
       Paralysed         |       |       |       |       |     1 |       |       |       |       ||     1
       Distracted        |       |       |       |       |       |     4 |     1 |     4 |    12 ||    21
       Petrified         |       |       |       |       |       |     2 |       |       |       ||     2
Armor: Robe              |     1 |       |       |       |       |       |       |       |       ||     1
       Leather armour    |     8 |    25 |    25 |    13 |       |       |       |       |       ||    71
       Skin              |       |       |     6 |       |       |     2 |       |       |       ||     8
       Ring mail         |       |       |    40 |     1 |    34 |     3 |       |       |       ||    78
       Swamp dragon scal |       |       |       |   156 |       |       |       |       |       ||   156
       Animal skin       |       |       |       |       |    82 |   212 |    95 |   125 |    79 ||   593
       Troll leather arm |       |       |       |       |       |       |       |       |    89 ||    89
Dodge: Dodged            |    25 |    63 |    80 |   246 |   125 |   373 |   199 |   260 |   407 ||  1778
       Repelled          |       |       |       |     6 |     5 |    30 |    27 |    18 |    40 ||   126
Block: Other             |       |    13 |    34 |   113 |       |       |       |       |       ||   160
       Kite shield       |       |       |       |     6 |   315 |   815 |   489 |   247 |       ||  1872
       Buckler           |       |       |       |       |       |       |       |   154 |   514 ||   668

Table legend: (Time is in decaauts)
 A = Elapsed time spent in this place.
 B = Non-inter-level travel time spent in this place.
 C = Inter-level travel time spent in this place.
 D = Time resting spent in this place.
 E = Time spent auto-exploring this place.
 F = Levels seen in this place.
 G = Mean time per level.
                   A        B        C        D        E       F      G
               +--------+--------+--------+--------+--------+-----+--------+
         Total |  54139 |  44585 |   9554 |  10694 |    304 |  58 |  933.4 |
       Dungeon |  15545 |  11978 |   3567 |   2425 |    206 |  15 | 1036.3 |
          Lair |   5845 |   4729 |   1116 |   1124 |      0 |   6 |  974.2 |
         Swamp |   2925 |   2574 |    351 |    960 |     16 |   4 |  731.2 |
     Snake Pit |   4056 |   3133 |    923 |    616 |      0 |   4 | 1014.0 |
    Slime Pits |   1331 |   1283 |     48 |    425 |      0 |   5 |  266.2 |
  Orcish Mines |   1961 |   1627 |    334 |    650 |      0 |   2 |  980.5 |
   Elven Halls |   3931 |   3502 |    429 |   1011 |      0 |   3 | 1310.3 |
        Vaults |   5488 |   4434 |   1054 |   1154 |      0 |   4 | 1372.0 |
        Depths |   5006 |   4092 |    914 |    907 |      0 |   4 | 1251.5 |
           Zot |   6348 |   5535 |    813 |   1121 |      0 |   5 | 1269.6 |
        Bazaar |    168 |    168 |      0 |      0 |      0 |   2 |   84.0 |
         Sewer |    169 |    169 |      0 |      0 |      0 |   1 |  169.0 |
        Bailey |    416 |    416 |      0 |     15 |      0 |   1 |  416.0 |
      Ice Cave |    388 |    388 |      0 |    228 |      0 |   1 |  388.0 |
      Gauntlet |    556 |    556 |      0 |     57 |     82 |   1 |  556.0 |
               +--------+--------+--------+--------+--------+-----+--------+

Top non-repeatable levels by time:
    D:15: 2557 daAuts
Depths:3: 2031 daAuts
  Lair:6: 1829 daAuts
    D:11: 1701 daAuts
   Zot:4: 1664 daAuts
Vaults:2: 1651 daAuts
   Zot:2: 1624 daAuts
   Elf:2: 1584 daAuts
Vaults:3: 1493 daAuts
Vaults:1: 1446 daAuts
   Zot:5: 1406 daAuts
 Snake:4: 1402 daAuts
   Orc:2: 1301 daAuts
    D:12: 1279 daAuts
   Elf:3: 1242 daAuts
